 Dungeon Crawl Stone Soup version 0.31-a0-549-gf98fd537a9 (webtiles) character file.

Game seed: 3060209108995672703

30 Ethylacetat the Insei (level 3, -1/25 HPs)
             Began as an Octopode Gladiator on Aug 16, 2023.
             Killed from afar by an orc wizard (15 damage)
             ... with a puff of flame
             ... on level 3 of the Dungeon.
             The game lasted 00:01:05 (1038 turns).

Ethylacetat the Insei (Octopode Gladiator)          Turns: 1038, Time: 00:01:05

Health: -1/25      AC:  1    Str: 13    XL:     3   Next: 18%
Magic:  3/3        EV: 14    Int: 10    God:
Gold:   108        SH:  0    Dex: 15    Spells: 2/2 levels left

rFire   . .          .
                       - Unarmed
rCold   . . .        (no shield)
rNeg    . . .        a - +0 hat
rPois   .            (no amulet)
rElec   .            (no ring)
rCorr   .            (no ring)
SInv    .            (no ring)
Will    .....        (no ring)
Stlth   ++           (no ring)
HPRegen 0.24/turn    (no ring)
MPRegen 0.08/turn    (no ring)
                     (no ring)

%: no passive effects
@: no status effects
A: almost no armour, amphibious, 8 rings, camouflage 1, gelatinous body 1,
(nimble swimmer 1), tentacles
a: no special abilities


You were on level 3 of the Dungeon.
You visited 1 branch of the dungeon, and saw 3 of its levels.

You collected 108 gold pieces.

Inventory:

Missiles
 b - 3 throwing nets (quivered)
 c - a javelin
Armour
 a - a +0 hat (worn)
Scrolls
 d - a scroll of fog {unknown}
 f - 3 scrolls of identify {unknown}
 h - a scroll of revelation {unknown}
 i - a scroll of amnesia {unknown}
 k - 2 scrolls of enchant armour {unknown}
 m - a scroll of poison {unknown}
Potions
 e - a potion of enlightenment {unknown}
 g - a potion of heal wounds {unknown}
 j - a potion of lignification {unknown}
 l - a potion of curing {unknown}
 n - a potion of degeneration {unknown}


   Skills:
 + Level 2.6 Fighting
 - Level 2.0 Throwing
 + Level 3.4 Dodging
 + Level 3.4 Unarmed Combat


You had 2 spell levels left.
You didn't know any spells.
Your spell library contained the following spells:

 Spells                   Type           Power      Damage    Failure   Level
 Summon Small Mammal      Summ           0%         N/A       36%         1
 Call Canine Familiar     Summ           0%         N/A       75%         3
 Summon Guardian Golem    Hex/Summ       0%         N/A       75%         3
 Leda's Liquefaction      Hex/Erth       0%         N/A       98%         4
 Lee's Rapid Deconstruct  Erth           0%         3d4*      100%        5
 Leda's Unmaking          Conj/Erth      0%         9d1       100%        6


Dungeon Overview and Level Annotations

Branches:
Dungeon (2/15)

Altars:
Kikubaaqudgha

Shops:
D:1 ?

Annotations:
D:3 Sigmund


Innate Abilities, Weirdness & Mutations

You cannot wear most types of armour.
You are amphibious.
You can wear up to eight rings at the same time.
Your skin changes colour to match your surroundings (Stealth+).
Your rubbery body absorbs attacks. (AC +1, EV +1)
((You are camouflaged when in or above water. (Stealth+)))
You have tentacles for arms and can constrict up to eight enemies at once.


Message History

The puff of flame hits you!
You release your grip on the orc.
The orc attacks as you move away! The orc hits you with a +0 club.
Sigmund casts a spell.
Sigmund flickers and vanishes!
Deactivating autopickup; reactivate with Ctrl-A.
You hear a shout!
You hear a shout! x3
The orc attacks as you move away! The orc closely misses you.
You hear a shout!
The orc attacks as you move away! The orc closely misses you.
You see here 4 stones.
The orc attacks as you move away! The orc barely misses you.
The orc attacks as you move away! The orc misses you.
The orc attacks as you move away! The orc barely misses you.
The orc attacks as you move away!
The orc barely misses you. 2 gnolls and a ball python come into view.
The gnoll shouts!
The ball python hisses angrily.
You hear a shout!
A goblin comes into view. It is wielding a +0 dagger.
An orc wizard comes into view.
It is wielding a +0 dagger and wearing a +2 robe of willpower.
The ball python closely misses you. The ball python barely misses you.
An orc wizard comes into view. It is wielding a +0 dagger.
A gnoll comes into view. It is wielding a +1 heavy flail.
An orc comes into view. It is wielding a +0 dagger.
The ball python misses you. The ball python closely misses you.
A quokka comes into view.
The orc shouts!
The orc wizard shouts!
You hear a shout!
The goblin misses you.
An orc comes into view.
It is wielding a +1 flail of holy wrath.
The ball python bites you. The ball python closely misses you.
You hear an angry hiss.
The ball python attacks as you move away!
The ball python bites you but does no damage.
The ball python misses you.
An orc priest and a frilled lizard come into view.
The goblin misses you.
The orc wizard gestures at you while chanting.
The puff of flame hits you!
Ouch! That really hurt!
You die...

#....#
.o...##
#l....
##..o.#
.....# #...r#
#.oo.# #.@..#
#..S.# ###g.#
#o.#####o.
#......ggg
###{#########
#.........(.#
#....######.#
#....# #.# .#


You could see an orc priest (wandering), an orc wizard, 3 orcs, a quokka, a
goblin, a ball python and a frilled lizard.

Vanquished Creatures
  An adder (D:2)
  A worm (D:2)
  A dart slug (D:2)
  An endoplasm (D:1)
  2 giant cockroaches (D:1)
  3 goblins (D:1)
  A hobgoblin (D:2)
  A quokka (D:1)
  2 ball pythons
  2 kobolds (D:2)
  A rat (D:1)
16 creatures vanquished.

Notes
Turn   | Place    | Note
-------+----------+-------------------------------------------
     0 | D:1      | Ethylacetat the Octopode Gladiator began the quest for the
                  | Orb.
     0 | D:1      | Reached XP level 1. HP: 14/14 MP: 1/1
   318 | D:1      | Reached XP level 2. HP: 13/19 MP: 2/2
   347 | D:1      | Found The Oracle's Delphic Readings.
   833 | D:2      | Found an ancient bone altar of Kikubaaqudgha.
   911 | D:2      | Reached XP level 3. HP: 11/25 MP: 3/3
  1008 | D:2      | You fall into a shaft and drop 1 floor!
  1008 | D:3      | Found a faded altar of an unknown god.
  1009 | D:3      | Noticed Sigmund
  1038 | D:3      | Killed from afar by an orc wizard

Illustrated notes

Levels and vault maps discovered:
D:1:      wheals_arrival_shading, layout_basic, nicolae_nh_oracle_at_delphi
D:2:      layout_basic, basic_altar
D:3:      layout_basic, yredelemnul_altar_generic, minitemple,
          hellmonk_ecumenical_altar_run_dry, uniq_sigmund, uniq_terence

Action                     || total
---------------------------++-------
  Melee: Unarmed           ||    40
         Constrict         ||    11
         Tentacles         ||     6
   Stab: Sleeping          ||     4
 Armour: Skin              ||     4
  Dodge: Dodged            ||    31

Table legend: (Time is in decaauts)
 A = Elapsed time spent in this place.
 B = Non-inter-level travel time spent in this place.
 C = Inter-level travel time spent in this place.
 D = Time resting spent in this place.
 E = Time spent auto-exploring this place.
 F = Levels seen in this place.
 G = Mean time per level.
                   A        B        C        D        E       F      G
               +--------+--------+--------+--------+--------+-----+--------+
         Total |   1035 |   1009 |     26 |      3 |    863 |   3 |  345.0 |
       Dungeon |   1035 |   1009 |     26 |      3 |    863 |   3 |  345.0 |
               +--------+--------+--------+--------+--------+-----+--------+

Top non-repeatable levels by time:
     D:1: 716 daAuts
     D:2: 289 daAuts
     D:3: 29 daAuts
